 Dungeon Crawl Stone Soup version 0.30-a0-385-gfebfb9b408 (webtiles) character file.

Game seed: 15077649445859824841

485 Elric the Chopper (level 6, -10/56 HPs)
             Began as a Minotaur Fighter on Dec 2, 2022.
             Was a Plaything of Xom.
             Mangled by a sun demon (12 damage)
             ... summoned by Xom
             ... on level 4 of the Dungeon.
             The game lasted 00:05:02 (3019 turns).

Elric the Chopper (Minotaur Fighter)                Turns: 3019, Time: 00:05:03

Health: -10/56     AC:  4    Str: 22    XL:     6   Next: 88%
Magic:  5/5        EV: 10    Int:  5    God:    Xom [......]
Gold:   231        SH:  8    Dex: 10    Spells: 5/5 levels left

rFire   + . .      SeeInvis .    a - +0 war axe
rCold   . . .      Faith    .    t - +0 kite shield
rNeg    . . .      Spirit   .    c - +0 troll leather armour {Pargi}
rPois   .          Reflect  .    (helmet restricted)
rElec   .          Harm     .    (no cloak)
rCorr   +          Rampage  .    (no gloves)
Will    .....                    (no boots)
Stlth   +.........               (no amulet)
HPRegen 1.09/turn                e - ring of protection from fire
MPRegen 0.09/turn                o - ring of resist corrosion

@: no status effects
A: horns 2, retaliatory headbutt
a: Renounce Religion


You were on level 4 of the Dungeon.
You worshipped Xom.
You were a very special plaything of Xom.
You visited 1 branch of the dungeon, and saw 4 of its levels.

You collected 231 gold pieces.

Inventory:

Hand Weapons
 a - a +0 war axe (weapon)
Armour
 c - a +0 troll leather armour (worn) {Pargi}
 t - a +0 kite shield (worn)
Jewellery
 e - a ring of protection from fire (left hand)
 o - a ring of resist corrosion (right hand)
Scrolls
 b - 2 scrolls of vulnerability {unknown}
 f - a scroll of amnesia {unknown}
 k - 2 scrolls of identify {unknown}
 p - a scroll of blinking {unknown}
 q - a scroll of teleportation {unknown}
Potions
 g - 2 potions of cancellation {unknown}
 h - a potion of brilliance {unknown}
 i - a potion of curing {unknown}
 j - a potion of magic {unknown}
 l - a potion of flight {unknown}
 m - a potion of heal wounds
 n - a potion of resistance {unknown}
 r - a potion of ambrosia {unknown}


   Skills:
 + Level 5.0 Fighting
 * Level 5.5 Axes
 + Level 5.1 Armour
 + Level 2.8 Dodging
 + Level 5.1 Shields


You had 5 spell levels left.
You didn't know any spells.
Your spell library contained the following spells:

 Spells                   Type           Power      Damage    Failure   Level
 Shock                    Conj/Air       0%         1d3       86%         1
 Swiftness                Air            0%         N/A       99%         3
 Airstrike                Air            0%         2d(0-16)  100%        4


Dungeon Overview and Level Annotations

Branches:
Dungeon (4/15)             Temple (0/1) D:4

Altars:
Cheibriados
Vehumet
Xom
The Shining One


Innate Abilities, Weirdness & Mutations

You have a pair of horns on your head.
You reflexively headbutt those who attack you in melee.


Message History

You kill the kobold!
No target in view!
Things that are here:
a +0 short sword; 6 poisoned darts; a kobold corpse You hear Xom's maniacal laughter.
There are monsters nearby!
There are monsters nearby!
The sun demon hits you.
You are engulfed in flames!
You resist.
You see here 18 gold pieces.
You barely miss the sun demon.
You headbutt the sun demon, but do no damage.
You block the sun demon's attack. The quasit barely misses you.
The quasit claws you but does no damage.
The quasit misses you.
You closely miss the sun demon. Your headbutt misses the sun demon.
You slash the iron imp! You barely miss the quasit. The sun demon hits you!
You are engulfed in flames.
You resist. The iron imp barely misses you. You furiously retaliate!
You headbutt the iron imp!
You kill the iron imp!
The iron imp degenerates into a cloud of primal chaos!
The quasit bites you but does no damage.
The quasit claws you. You block the quasit's attack.
You block the sun demon's attack.
You are too injured to fight recklessly!
You are too injured to fight recklessly!
You are too injured to fight recklessly!
The sun demon hits you!
You are engulfed in flames.
You resist.
* * * LOW HITPOINT WARNING * * *
You block the quasit's attack. x2
The quasit claws you but does no damage.
The sun demon hits you.
* * * LOW HITPOINT WARNING * * *
You are engulfed in flames.
You resist.
* * * LOW HITPOINT WARNING * * *
The sun demon attacks as you move away! The sun demon barely misses you.
The quasit attacks as you move away! You block the quasit's attack.
The quasit claws you but does no damage.
The quasit barely misses you. The sun demon hits you!
You die...
Xom titters!

#######.........#....#..
#.........#....#..
#...#######+##.#..
#...##.####.######
#............#
#........!...#
#.....)......#
#.5.$........#
#@35.........#
#............#
##############


You could see a sun demon (summoned), an iron imp (summoned) and a quasit
(summoned).

Vanquished Creatures
  Pargi (D:4)
  A black bear (D:4)
  Blork the orc (D:4)
  An iguana (D:4)
  Robin (D:3)
  6 adders
  6 worms
  2 dart slugs
  8 orcs (D:3)
  8 bats
  7 endoplasms
  19 goblins
  9 hobgoblins
  2 jackals (D:1)
  6 quokkas
  6 ball pythons
  9 frilled lizards
  7 kobolds
  21 rats
121 creatures vanquished.

Notes
Turn   | Place    | Note
-------+----------+-------------------------------------------
     0 | D:1      | Elric the Minotaur Fighter began the quest for the Orb.
     0 | D:1      | Reached XP level 1. HP: 19/19 MP: 0/0
    96 | D:1      | Reached XP level 2. HP: 27/27 MP: 1/1
   297 | D:1      | Reached XP level 3. HP: 33/33 MP: 2/2
   564 | D:2      | Reached skill level 1 in Dodging
   723 | D:2      | Reached XP level 4. HP: 36/40 MP: 3/3
   884 | D:2      | Found a faded altar of an unknown god.
  1454 | D:3      | Noticed Robin
  1463 | D:3      | Killed Robin
  1468 | D:3      | Reached XP level 5. HP: 40/46 MP: 4/4
  2178 | D:3      | Found a shimmering altar of Xom.
  2178 | D:3      | Found a radiant altar of Vehumet.
  2182 | D:3      | Found a glowing golden altar of the Shining One.
  2442 | D:3      | Became a worshipper of Xom of Unknown Intention
  2492 | D:4      | Noticed Blork the orc
  2495 | D:4      | XOM: potion effect (haste)
  2501 | D:4      | Killed Blork the orc
  2604 | D:4      | Found a snail-covered altar of Cheibriados.
  2622 | D:4      | Noticed Pargi
  2623 | D:4      | Noticed a black bear
  2623 | D:4      | XOM: confusion
  2627 | D:4      | XOM: summons friendly crimson imp
  2633 | D:4      | Killed a black bear
  2634 | D:4      | Reached skill level 5 in Axes
  2634 | D:4      | Reached XP level 6. HP: 34/53 MP: 5/5
  2634 | D:4      | Killed Pargi
  2635 | D:4      | Reached skill level 5 in Armour
  2635 | D:4      | Reached skill level 5 in Shields
  2686 | D:4      | XOM: torment (27/55 hp)
  2839 | D:4      | Found a staircase to the Ecumenical Temple.
  2894 | D:4      | Reached skill level 5 in Fighting
  3013 | D:4      | XOM: summons 4 hostile demons
  3014 | D:4      | Noticed a sun demon
  3018 | D:4      | HP: 1/56 [sun demon[Xom] (6)]
  3019 | D:4      | Mangled by a sun demon

Illustrated notes

Levels and vault maps discovered:
D:1:      dpeg_arrival_orchard, layout_basic, serial_park_tiny_1
D:2:      layout_basic, hellmonk_ecumenical_altar_heavens_door
D:3:      layout_basic, minitemple, minmay_rat_hole, uniq_robin
D:4:      layout_gridville, overflow_temple_1_default,
          minmay_temple_entry_crystal_x, kennysheep_orc_chapel, uniq_pargi,
          uniq_blork_the_orc

Skill      XL: |  1  2  3  4  5  6 |
---------------+-------------------+-----
Axes           | 3 4 5 |  5.5
Armour         | 4 5 |  5.1
Shields        | 4 5 |  5.1
Fighting       | 4 5 |  5.0
Dodging        | 1 2 |  2.8

Action                   |  1- 3 |  4- 6 || total
-------------------------+-------+-------++-------
Melee: War axe           |    85 |   174 ||   259
       Headbutt          |     8 |    21 ||    29
  Use: Potion            |       |     1 ||     1
Armor: Scale mail        |    44 |    88 ||   132
       Troll leather arm |       |    10 ||    10
Dodge: Dodged            |    47 |    89 ||   136
Block: Buckler           |    23 |    20 ||    43
       Kite shield       |       |    29 ||    29

Table legend: (Time is in decaauts)
 A = Elapsed time spent in this place.
 B = Non-inter-level travel time spent in this place.
 C = Inter-level travel time spent in this place.
 D = Time resting spent in this place.
 E = Time spent auto-exploring this place.
 F = Levels seen in this place.
 G = Mean time per level.
                   A        B        C        D        E       F      G
               +--------+--------+--------+--------+--------+-----+--------+
         Total |   3092 |   2930 |    162 |      0 |   2272 |   4 |  773.0 |
       Dungeon |   3092 |   2930 |    162 |      0 |   2272 |   4 |  773.0 |
               +--------+--------+--------+--------+--------+-----+--------+

Top non-repeatable levels by time:
     D:3: 1134 daAuts
     D:2: 879 daAuts
     D:4: 546 daAuts
     D:1: 532 daAuts
